 Dungeon Crawl Stone Soup version 0.27.0-1-g7a089689b8 (webtiles) character file.

Game seed: 7493748698461180645

171 BOMJPIETVODKU the Digger (level 5, -1/37 HPs)
             Began as a Gnoll Earth Elementalist on Aug 3, 2021.
             Killed from afar by an orc wizard (7 damage)
             ... with a magic dart
             ... on level 3 of the Dungeon.
             The game lasted 00:09:41 (2633 turns).

BOMJPIETVODKU the Digger (Gnoll Earth Elementalist) Turns: 2633, Time: 00:09:42

Health: -1/37      AC:  3    Str:  8    XL:     5   Next: 51%
Magic:  5/12       EV: 13    Int: 15    God:
Gold:   84         SH:  0    Dex: 12    Spells: 11/14 levels left

rFire    . . .     SeeInvis .   e - +0 short sword
rCold    . . .     Faith    .   (no shield)
rNeg     . . .     Spirit   .   b - +0 robe
rPois    .         Reflect  +   (no helmet)
rElec    .         Harm     .   j - +0 cloak
rCorr    .         Rampage  .   (no gloves)
Will     .....                  (no boots)
Stlth    +.........             h - amulet of reflection
HPRegen  0.12/turn              (no ring)
MPRegen  0.13/turn              (no ring)

@: confused
A: fangs 1, strong nose, distributed training
a: no special abilities


You were on level 3 of the Dungeon.
You visited 1 branch of the dungeon, and saw 3 of its levels.

You collected 84 gold pieces.

Inventory:

Hand Weapons
 d - a +0 whip
 e - a +0 short sword (weapon)
Missiles
 c - 26 stones
 l - 11 poisoned darts
Armour
 b - a +0 robe (worn)
 j - a +0 cloak (worn)
Jewellery
 h - an amulet of reflection (around neck)
Wands
 p - a wand of mindburst (20)
Scrolls
 a - a scroll of vulnerability {unknown}
 g - a scroll of teleportation {unknown}
 i - a scroll of fog {unknown}
 n - a scroll of identify {unknown}
 o - a scroll of noise {unknown}
Potions
 f - 2 potions of degeneration
 k - a potion of haste {unknown}
 m - a potion of heal wounds {unknown}


   Skills:
 + Level 1.5 Fighting
 + Level 1.5 Short Blades
 + Level 1.5 Long Blades
 + Level 1.5 Axes
 + Level 1.5 Maces & Flails
 + Level 1.5 Polearms
 + Level 1.5 Staves
 + Level 1.5 Slings
 + Level 1.5 Bows
 + Level 1.5 Crossbows
 + Level 1.5 Throwing
 + Level 1.5 Armour
 + Level 4.8 Dodging
 + Level 4.4 Stealth
 + Level 1.5 Shields
 + Level 1.5 Unarmed Combat
 + Level 5.2 Spellcasting
 + Level 1.2 Conjurations
 + Level 1.2 Hexes
 + Level 1.2 Summonings
 + Level 1.2 Necromancy
 + Level 1.2 Translocations
 + Level 2.4 Transmutations
 + Level 1.2 Fire Magic
 + Level 1.2 Ice Magic
 + Level 1.2 Air Magic
 + Level 5.5 Earth Magic
 + Level 1.2 Poison Magic
 + Level 1.7 Invocations
 + Level 1.5 Evocations


You had 11 spell levels left.
You knew the following spells:

 Your Spells              Type           Power      Damage    Failure   Level
a - Sandblast             Erth           40%        2d10      1%          1
b - Passwall              Tmut/Erth      12%        N/A       4%          2

Your spell library contained the following spells:

 Spells                   Type           Power      Damage    Failure   Level
 Stone Arrow              Conj/Erth      28%        3d8       12%         3
 Ignite Poison            Fire/Tmut/Pois 8%         N/A       24%         3
 Conjure Flame            Conj/Fire      7%         6-21      28%         3
 Petrify                  Tmut/Erth      15%        N/A       30%         4
 Sticky Flame             Conj/Fire      7%         2d3       67%         4


Dungeon Overview and Level Annotations

Branches:
Dungeon (3/15)

Altars:


Innate Abilities, Weirdness & Mutations

You have very sharp teeth.
Your uncanny sense of smell can sniff out nearby items.
Your experience applies equally to all skills.


Message History

Something hits you!
Aiming: Sandblast (safe; 1% risk of failure)
Press: ? - help, Q - select action, (/) - cycle Shift-Dir - straight line The blast of sand hits something.
Something hits you but does no damage.
Aiming: Sandblast (safe; 1% risk of failure)
Press: ? - help, Q - select action, (/) - cycle Shift-Dir - straight line You miscast Sandblast.
You are very lightly contaminated with residual magic.
Nothing appears to happen.
Something hits you.
Aiming: Sandblast (safe; 1% risk of failure)
Press: ? - help, Q - select action, (/) - cycle Shift-Dir - straight line Something hits you but does no damage.
You hit something. Your bite misses something. Something barely misses you.
You miss something. You block something's attack.
You hit something but do no damage. Your bite misses something.
You hear some strange, mumbled words.
You are confused.
You bump into the rock wall.
You hear some strange, mumbled words.
A magic dart appears from out of thin air!
The magic dart hits you.
You bump into the rock wall.
Something hits you.
* * * LOW HITPOINT WARNING * * *
Your magical contamination has completely faded away.
You're too confused to cast spells.
You miss something.
You feel less confused. Something hits you but does no damage.
You hear some strange, mumbled words.
You are confused.
Something hits you but does no damage. Something hits you.
* * * LOW HITPOINT WARNING * * *
You hear some strange, mumbled words.
You are more confused.
A magic dart appears from out of thin air!
The magic dart hits you!
You die...

.......## ........#
######## ........#
#......# ........#
#......#
........#####......#
.......)†?.........#
........#####.{....#
.......## #......#
#.....# #...@..#
###### #......#
###.#### #.# ###
#.###### #....
...##......# .....
#.........# ...
###.......# ...
##......#


There were no monsters in sight!

Vanquished Creatures
  An orc priest (D:3)
  Terence (D:1)
  5 adders
  8 orcs (D:3)
  5 endoplasms
  3 giant cockroaches
  8 goblins
  8 hobgoblins
  2 quokkas
  4 ball pythons
  3 bats
  3 frilled lizards
  8 kobolds
  4 rats
63 creatures vanquished.

Notes
Turn   | Place    | Note
-------+----------+-------------------------------------------
     0 | D:1      | BOMJPIETVODKU the Gnoll Earth Elementalist began the quest
                  | for the Orb.
     0 | D:1      | Reached XP level 1. HP: 13/13 MP: 6/6
   157 | D:1      | Reached XP level 2. HP: 19/19 MP: 3/7
   898 | D:2      | Reached skill level 5 in Spellcasting
   898 | D:2      | Reached XP level 3. HP: 16/25 MP: 6/9
  1081 | D:2      | Reached skill level 1 in Invocations
  1215 | D:2      | Reached skill level 1 in Fighting
  1215 | D:2      | Reached skill level 1 in Short Blades
  1215 | D:2      | Reached skill level 1 in Long Blades
  1215 | D:2      | Reached skill level 1 in Axes
  1215 | D:2      | Reached skill level 1 in Maces & Flails
  1215 | D:2      | Reached skill level 1 in Polearms
  1215 | D:2      | Reached skill level 1 in Staves
  1215 | D:2      | Reached skill level 1 in Slings
  1215 | D:2      | Reached skill level 1 in Bows
  1215 | D:2      | Reached skill level 1 in Crossbows
  1215 | D:2      | Reached skill level 1 in Throwing
  1215 | D:2      | Reached skill level 1 in Armour
  1215 | D:2      | Reached skill level 1 in Shields
  1215 | D:2      | Reached skill level 1 in Unarmed Combat
  1215 | D:2      | Reached skill level 1 in Evocations
  1257 | D:2      | Noticed Terence
  1306 | D:1      | Killed Terence
  1307 | D:1      | Reached XP level 4. HP: 10/32 MP: 0/11
  1804 | D:2      | Reached skill level 1 in Conjurations
  1804 | D:2      | Reached skill level 1 in Hexes
  1804 | D:2      | Reached skill level 1 in Summonings
  1804 | D:2      | Reached skill level 1 in Necromancy
  1804 | D:2      | Reached skill level 1 in Translocations
  1804 | D:2      | Reached skill level 1 in Fire Magic
  1804 | D:2      | Reached skill level 1 in Ice Magic
  1804 | D:2      | Reached skill level 1 in Air Magic
  1804 | D:2      | Reached skill level 1 in Poison Magic
  2117 | D:2      | Learned a level 2 spell: Passwall
  2511 | D:3      | Reached XP level 5. HP: 37/37 MP: 10/12
  2633 | D:3      | Killed from afar by an orc wizard

Illustrated notes

Levels and vault maps discovered:
D:1:      lemuel_arrival_behind_the_door_large, layout_loops_ring
D:2:      minmay_angry_zag, layout_loops_ring, minmay_three_crescents,
          uniq_terence
D:3:      layout_rooms

Skill      XL: |  1  2  3  4 |
---------------+-------------+-----
Transmutations | 2 |  2.4
Spellcasting   | 5 |  5.2
Invocations    | 1 |  1.7
Fighting       | 1 |  1.5
Short Blades   | 1 |  1.5
Long Blades    | 1 |  1.5
Axes           | 1 |  1.5
Maces & Flails | 1 |  1.5
Polearms       | 1 |  1.5
Staves         | 1 |  1.5
Slings         | 1 |  1.5
Bows           | 1 |  1.5
Crossbows      | 1 |  1.5
Throwing       | 1 |  1.5
Armour         | 1 |  1.5
Shields        | 1 |  1.5
Unarmed Combat | 1 |  1.5
Evocations     | 1 |  1.5
Conjurations   | 1 |  1.2
Hexes          | 1 |  1.2
Summonings     | 1 |  1.2
Necromancy     | 1 |  1.2
Translocations | 1 |  1.2
Fire Magic     | 1 |  1.2
Ice Magic      | 1 |  1.2
Air Magic      | 1 |  1.2
Poison Magic   | 1 |  1.2
Dodging        | |  4.8
Stealth        | |  4.4
Earth Magic    | |  5.5

Action                   |  1- 3 |  4- 6 || total
-------------------------+-------+-------++-------
Melee: Whip              |     3 |       ||     3
       Short sword       |     8 |    43 ||    51
Throw: Dart              |       |    22 ||    22
 Cast: Sandblast         |    54 |    26 ||    80
  Use: Potion            |     1 |       ||     1
 Stab: Sleeping          |     2 |       ||     2
Armor: Robe              |     5 |    14 ||    19
Dodge: Dodged            |    22 |    32 ||    54
Block: Other             |     4 |    24 ||    28
       Reflection        |     1 |       ||     1
